 Dungeon Crawl Stone Soup version 0.21.0-3-g78d12a8 (webtiles) character file.

410619 quantumfuzzball the Impregnable (level 23, -3/211 HPs)
             Began as a Hill Orc Monk on Jan 9, 2018.
             Was an Elder of Beogh.
             Killed from afar by an efreet (6 damage)
             ... with a bolt of fire
             ... on level 5 of the Depths on Jan 11, 2018.
             The game lasted 09:21:54 (100605 turns).

quantumfuzzball the Impregnable (Hill Orc Monk)   Turns: 100605, Time: 09:21:55

Health: -3/211     AC: 51    Str: 24    XL:     23   Next: 50%
Magic:  6/36       EV:  7    Int: 10    God:    Beogh [****..]
Gold:   2098       SH: 19    Dex: 15    Spells: 22/22 levels left

rFire    + + .     SeeInvis +   l - +5 war axe of Foolhardiness {drain, rElec Stlth+}
rCold    + . .     Gourm    .   I - +2 shield {AC+3}
rNeg     . . .     Faith    .   K - +12 gold dragon scales
rPois    +         Spirit   .   v - +1 hat
rElec    +         Reflect  +   R - +2 cloak {rF+}
rCorr    .         Harm     .   i - +0 pair of gloves
MR       ++++.                  s - +2 pair of boots {run}
Stlth    ..........             L - +3 amulet of reflection
HPRegen  0.45/turn              W - ring of protection from magic
MPRegen  0.25/turn              b - ring of protection from magic

@: drained, quick
A: thin metallic scales 1, see invisible, agile 1, magic resistance 1
}: 2/15 runes: serpentine, barnacled
a: Smiting, Recall Orcish Followers, Renounce Religion


You were on level 5 of the Depths.
You worshipped Beogh.
Beogh was greatly pleased with you.
You were not hungry.

You visited 8 branches of the dungeon, and saw 43 of its levels.
You visited the Abyss 1 time.
You also visited: Ice Cave, Volcano and Wizlab.

You collected 4120 gold pieces.
You spent 2022 gold pieces at shops.

Inventory:

Hand Weapons
 d - the cursed +3 mace "Voeqoka" {crush, rPois rF- rN+, unknown}
   (You took it off a spriggan air mage on level 5 of the Depths)

   It inflicts extra damage upon your enemies.
   It makes you vulnerable to fire.
   It protects you from poison.
   It protects you from negative energy.
   It has a curse placed upon it.
 l - the +5 war axe of Foolhardiness (weapon) {drain, rElec Stlth+}
   (You bought it in a shop on level 2 of the Orcish Mines)

   A truly terrible weapon, it drains the life of those it strikes.
   It insulates you from electricity.
   It makes you more stealthy.
 E - the +3 great sword of Fear {distort, rN+ Str+4 Int+3 Dex+4}
   (You found it on level 2 of the Vaults)

   It warps and distorts space around it.
   Unwielding it can cause banishment or high damage.
   It affects your strength (+4).
   It affects your intelligence (+3).
   It affects your dexterity (+4).
   It protects you from negative energy.
Missiles
 g - 9 throwing nets (quivered)
Armour
 i - a +0 pair of gloves (worn)
 s - a +2 pair of boots of running (worn)
 v - a +1 hat (worn)
 A - a scarf of cloud immunity
 I - a +2 shield of protection (worn)
 K - +12 gold dragon scales (worn)
 R - a +2 cloak of fire resistance (worn)
 Z - a +1 cloak of invisibility
Jewellery
 b - a ring of protection from magic (right hand)
 H - an uncursed ring of protection from fire
 L - a +3 amulet of reflection (around neck)
 W - a ring of protection from magic (left hand)
 X - an uncursed ring of ice
Wands
 r - a wand of acid (37)
 t - a wand of polymorph (52)
 x - a wand of clouds (9)
 y - a wand of enslavement (42)
 T - a wand of digging (54)
 U - a wand of paralysis (16)
 Y - a wand of iceblast (28)
Scrolls
 e - 14 scrolls of remove curse
 f - 14 scrolls of teleportation
 j - 9 scrolls of enchant weapon
 k - 4 scrolls of blinking
 m - 4 scrolls of immolation
 o - 13 scrolls of identify
 p - 3 scrolls of magic mapping
 q - a scroll of silence
 B - a scroll of holy word
 G - 2 scrolls of fog
Potions
 a - 5 potions of might
 h - 7 potions of agility
 n - a potion of flight
 u - 7 potions of ambrosia
 w - a potion of invisibility
 z - a potion of heal wounds
 C - 3 potions of berserk rage
 M - 3 potions of cancellation
 P - 3 potions of curing
 V - 2 potions of haste
Comestibles
 c - 23 rations


   Skills:
 + Level 18.7(17.1) Fighting
 + Level 21.9(20.6) Axes
 - Level 6.4(12.7) Maces & Flails
 + Level 22.3(20.6) Armour
 - Level 3.2(2.1) Dodging
 - Level 2.8(1.7) Stealth
 + Level 15.4(14.0) Shields
 + Level 19.6(18.0) Invocations
 - Level 6.5(5.3) Evocations


You had 22 spell levels left.
You didn't know any spells.

Dungeon Overview and Level Annotations

Branches:
Dungeon (15/15)            Temple (0/1) D:4            Lair (6/6) D:9
 Shoals (4/4) Lair:3        Snake (4/4) Lair:4        Slime (0/5) Lair:5
    Orc (2/2) D:10            Elf (3/3) Orc:2        Vaults (4/5) D:13
  Crypt (0/3) Vaults:2     Depths (5/5) D:15
    Zot: Depths:5

Altars:
Ashenzari
Fedhas
Gozag
Hepliaklqana
Kikubaaqudgha
Makhleb
Okawaru
Qazlal
Ru
Sif Muna
Trog
Uskayaw
Vehumet
Wu Jian
Xom
Yredelemnul
The Shining One
Beogh

Shops:
D:5 ?   Orc:1 [*   Orc:2 [*[(   Elf:2 *   Shoals:4 *   Snake:4 =   Vaults:1 }*
Vaults:2 [

Portals:
Hell: Depths:1 Depths:2 Depths:3 Depths:4
Abyss: Depths:4
Pandemonium: Depths:3 Depths:4
Ziggurat: Depths:3

Annotations:
D:2 exclusion: oklob plant
Lair:1 exclusion: oklob plant
Lair:3 exclusion: oklob plant
Lair:6 exclusion: oklob plant
Shoals:2 exclusion: 2 oklob plants
Snake:3 exclusion: Roxanne, Roxanne
Depths:5 exclusion: ice statue


Innate Abilities, Weirdness & Mutations

You are partially covered in thin metallic scales. (AC +2)
You have supernaturally acute eyesight. (SInv)
You are agile. (Dex +2)
You are resistant to hostile enchantments. (MR+)


Message History

* * * LOW HITPOINT WARNING * * *
Unknown command.
Wargath closely misses the shadow dragon.
Geork completely misses the shadow dragon.
The shadow dragon bites Geork but does no damage.
Geork blocks the shadow dragon's attack. x2
A white draconian comes into view. It is wielding a hand axe.
The white draconian roars!
Wargath hits the shadow dragon from afar with a demon trident of electrocution!!!
Lightning courses through the shadow dragon!
The efreet barely misses Wargath.
The shadow dragon bites Geork!
Geork blocks the shadow dragon's attack.
The shadow dragon claws Geork.
Geork barely misses the shadow dragon.
Wargath hits the shadow dragon from afar with a demon trident of electrocution!
Geork blocks the shadow dragon's attack.
The shadow dragon claws Geork.
Geork blocks the shadow dragon's attack.
The efreet gestures at you.
The bolt of fire hits Wargath.
The bolt of fire hits you! You resist.
You die...

##..8......(# §§
##)..)....)..##
#'##.§.8[(.......##
........)))).....%#
...d.8.†))†(......#
...8..).[.)8.....##
.....)).[)))....##
.§..).....)oR(.##
#####..@..).o§'#
##......#D3...
##...###§.... #####
§.... .../


You could see a shadow dragon, a white draconian, a sun demon, an efreet, the
friendly Geork the orc warlord and the friendly Wargath the orc warlord.

Vanquished Creatures
  3 caustic shrikes
  2 golden dragons (Depths:3)
  A lich (Depths:1)
  A tentacled monstrosity (Vaults:4)
  A quicksilver dragon (Depths:5)
  A sphinx (Depths:2)
  Frances (Elf:1)
  A tengu reaver (Depths:2)
  Donald (Snake:1)
  2 nagarajas
  5 fire giants
  A deep elf sorcerer (Vaults:1)
  An iron dragon (Depths:4)
  4 frost giants
  A balrug (Depths:4)
  5 vault wardens
  2 draconian stormcallers (Depths:5)
  2 ironheart preservers
  Aizul (Lair:4)
  A caustic shrike skeleton (Depths:4)
  A spriggan defender (Depths:3)
  5 very ugly things
  4 stone giants
  A deep elf demonologist (Elf:2)
  A green draconian (Depths:5)
  A vampire knight (Depths:2)
  A red draconian (Volcano)
  2 fire dragons
  2 merfolk javelineers (Shoals:4)
  2 deep elf death magi (Vaults:1)
  5 ettins
  3 great orbs of eyes
  2 merfolk impalers (Shoals:4)
  2 yaktaur captains
  2 ice dragons (Depths:2)
  A rakshasa (Depths:2)
  4 ogre magi
  9 naga warriors
  A deep elf high priest (Depths:5)
  3 hydras
  2 merfolk avatars
  A spriggan air mage (Depths:1)
  A death knight (Vaults:4)
  A catoblepas (Lair:6)
  9 dancing weapons (Elf:2)
  2 satyrs (Shoals:3)
  5 two-headed ogres
  2 centaur warriors
  6 anacondas
  A merfolk aquamancer (Shoals:4)
  2 deep troll shamans
  2 vampire magi
  2 tengu warriors (Depths:2)
  2 deep troll earth magi
  A thrashing horror (Abyss:3)
  3 spriggan berserkers
  5 shock serpents
  A soul eater (Depths:4)
  5 naga sharpshooters
  10 deep elf knights
  A wretched star (Abyss:3)
  2 skeletal warriors
  A shadow wraith (Vaults:4)
  An iron troll (Depths:5)
  4 deep trolls
  2 flayed ghosts (Depths:4)
  2 infernal demonspawn (Depths:4)
  8 sea snakes
  2 unseen horrors
  A glowing orange brain (Depths:1)
  3 naga ritualists
  5 deep elf archers
  A harpy (Shoals:3)
  2 phantasmal warriors (Depths:2)
  17 deep elf magi
  5 mana vipers
  3 necromancers
  2 wolf spiders
  4 ironbrand convokers
  A human zombie (Vaults:2)
  3 salamanders
  8 ugly things
  A sphinx zombie (Depths:4)
  4 fauns
  4 cyclopes
  An ice statue (IceCv)
  7 vault sentinels
  2 merfolk sirens
  A guardian serpent (Snake:4)
  3 rust devils (Depths:5)
  16 black mambas
  6 naga magi
  A dire elephant skeleton (Abyss:3)
  A spriggan zombie (Depths:4)
  2 molten gargoyles (Volcano)
  2 smoke demons (Abyss:3)
  2 spiny frogs
  A yaktaur zombie (Vaults:2)
  2 freezing wraiths
  13 yaktaurs
  A komodo dragon (Lair:5)
  An ice devil (Depths:5)
  A red devil (Depths:5)
  A yaktaur skeleton (Vaults:2)
  15 polar bears (IceCv)
  3 meliai (Shoals:3)
  4 trolls
  2 hornets
  12 merfolk
  A queen bee (shapeshifter) (Depths:2)
  3 wind drakes
  A hippogriff (shapeshifter) (Vaults:1)
  14 slime creatures
  3 hippogriffs
  4 dream sheep
  2 snapping turtles (Shoals:4)
  2 air elementals
  A flying skull (Depths:5)
  4 redbacks (D:13)
  3 wyverns
  A wraith (D:14)
  2 shadows
  3 ettin skeletons (Vaults:2)
  2 spriggans
  7 water elementals
  2 fire bats (Volcano)
  5 golden eyes (Abyss:3)
  3 hogs (D:7)
  12 yaks
  A basilisk (Lair:3)
  Eustachio (D:6)
  A yak (shapeshifter) (Vaults:2)
  An elf simulacrum (Depths:4)
  3 hungry ghosts
  A small abomination (Abyss:3)
  25 nagas
  2 vampire mosquitoes (D:14)
  2 water moccasins
  2 wargs
  An acid dragon (D:14)
  A hell hound (Depths:5)
  10 orc warriors
  An ice beast (D:13)
  2 phantoms
  2 sky beasts
  16 wolves
  8 boggarts
  A human skeleton (Vaults:2)
  10 ogres
  8 centaurs
  A big kobold (D:5)
  4 bullfrogs
  3 scorpions
  A water moccasin skeleton (D:10)
  A killer bee (Lair:3)
  2 wights
  4 electric eels
  3 vampire bats (D:6)
  A howler monkey (D:4)
  5 crimson imps
  2 centaur zombies
  6 lava snakes (Volcano)
  2 jellies
  A quasit (Depths:4)
  A hound (D:12)
  Crazy Yiuf (D:5)
  5 orc priests
  4 orc wizards
  2 bullfrog skeletons
  2 iron imps (Depths:4)
  5 worker ants
  A killer bee zombie (D:9)
  A hound skeleton (D:3)
  A worker ant zombie (D:6)
  6 gnolls
  11 adders
  A shadow imp (D:7)
  An ufetubus (Depths:4)
  An ooze (D:4)
  An adder skeleton (D:10)
  4 worms
  2 dart slugs (D:1)
  8 leopard geckos
  16 orcs
  7 bats
  2 bat skeletons (D:6)
  4 bat zombies (D:6)
  7 giant cockroaches
  7 goblins
  8 hobgoblins
  14 jackals
  5 quokkas
  2 ball pythons
  7 frilled lizards
  2 gnoll zombies (D:3)
  28 kobolds
  A leopard gecko skeleton (D:4)
  3 rats
  A fungus (D:9)
  15 plants
736 creatures vanquished.

Vanquished Creatures (collateral kills)
  Mara (Elf:3)
  Bai Suzhen (Snake:3)
  Saint Roka (Snake:2)
  2 caustic shrikes (Depths:5)
  Nikola (Elf:3)
  2 golden dragons
  2 liches
  A tentacled monstrosity (Depths:3)
  Rupert (D:14)
  A deep elf blademaster (Elf:3)
  3 titans
  A deep elf master archer (Elf:3)
  A sphinx (Depths:5)
  Agnes (D:14)
  5 nagarajas (Snake:4)
  3 storm dragons
  A shadow dragon (Depths:2)
  2 draconian monks (Depths:5)
  A tengu reaver (Depths:3)
  Ilsuiw (Shoals:4)
  4 fire giants
  A draconian knight (Depths:5)
  3 frost giants
  2 deep elf sorcerers
  An orc warlord (Orc:2)
  A vault warden (Vaults:4)
  A balrug (Depths:5)
  2 draconian stormcallers (Depths:5)
  4 ironheart preservers
  3 spriggan defenders
  6 stone giants
  A war gargoyle (Depths:5)
  20 very ugly things
  3 vampire knights
  3 entropy weavers
  A deep elf demonologist (Elf:2)
  A black draconian (Depths:5)
  A green draconian (Depths:5)
  2 red draconians (Depths:5)
  A white draconian (Depths:5)
  A purple draconian (Depths:5)
  A deep elf annihilator (Elf:2)
  The ghost of Marsh the Basher, a journeyman TrBe of Trog (D:13)
  3 spark wasps (Depths:1)
  3 merfolk javelineers
  Snorg (D:13)
  5 ettins
  2 deep elf death magi
  A fire dragon (shapeshifter) (Depths:4)
  2 blizzard demons
  4 vault guards (D:13)
  3 fire dragons
  8 merfolk impalers
  5 yaktaur captains
  7 naga warriors
  A deep elf high priest (Elf:2)
  3 rakshasas
  Fannar (Lair:2)
  7 great orbs of eyes
  3 merfolk avatars
  6 hydras
  10 ice dragons
  2 catoblepae (Lair:6)
  4 spriggan air magi
  3 merfolk aquamancers
  3 centaur warriors
  An anaconda (Snake:4)
  21 two-headed ogres
  8 ogre magi
  A death knight (Vaults:4)
  A satyr (Lair:3)
  2 alligator snapping turtles (Shoals:4)
  A two-headed ogre (shapeshifter) (Depths:3)
  8 naga sharpshooters
  4 deep troll shamans
  5 death yaks (Lair:6)
  An orc high priest (Orc:2)
  5 deep troll earth magi
  2 tengu warriors
  A titan zombie (Depths:4)
  11 dancing weapons
  3 shock serpents
  2 sun demons
  A spriggan berserker (Depths:5)
  9 deep elf knights
  A fire crab (shapeshifter) (Depths:3)
  2 iron trolls (Depths:4)
  5 hell knights (Depths:1)
  A soul eater (Depths:5)
  A fire crab (Lair:6)
  2 skeletal warriors
  17 deep trolls
  4 glowing orange brains
  A deep troll (shapeshifter) (Vaults:2)
  A quicksilver dragon simulacrum (Depths:5)
  A sea snake (shapeshifter) (D:13)
  15 deep elf archers
  14 sea snakes
  3 naga ritualists (Snake:4)
  An obsidian statue (Vaults:3)
  3 wizards
  A flayed ghost (D:13)
  6 ironbrand convokers
  11 orc knights
  A necromancer (Vaults:1)
  3 wolf spiders
  10 harpies
  A phantasmal warrior (Vaults:1)
  21 ugly things
  41 deep elf magi
  An orc sorcerer (Orc:2)
  3 mana vipers (Snake:2)
  8 cyclopes
  13 manticores
  10 fauns
  2 salamanders (Snake:4)
  11 elephants
  A fire giant skeleton (Vaults:2)
  4 vault sentinels
  3 guardian serpents
  10 merfolk sirens
  3 rust devils
  14 black mambas
  A torpor snail (Lair:5)
  An eye of devastation (shapeshifter) (Elf:2)
  A human skeleton (Vaults:2)
  A smoke demon (Depths:2)
  19 naga magi
  5 spiny frogs
  A gargoyle (D:8)
  4 water nymphs
  3 centaur skeletons
  6 komodo dragons
  An orange demon (Depths:4)
  A kobold demonologist (D:12)
  21 yaktaurs
  A rime drake (shapeshifter) (Vaults:4)
  2 efreet
  4 freezing wraiths
  4 rime drakes
  11 trolls
  2 jumping spiders (Vaults:4)
  A troll (shapeshifter) (Vaults:1)
  21 merfolk
  A wind drake (shapeshifter) (Orc:2)
  4 tengu conjurers
  A polar bear (Lair:6)
  A queen bee (Lair:3)
  A hornet (shapeshifter) (Depths:1)
  A jumping spider (shapeshifter) (Vaults:4)
  8 wind drakes
  3 hornets
  A hippogriff (shapeshifter) (Vaults:1)
  34 slime creatures
  7 blink frogs
  11 hippogriffs
  9 snapping turtles
  10 air elementals
  2 spriggans (Depths:2)
  A tarantella (shapeshifter) (Vaults:2)
  14 redbacks
  50 yaks
  2 wyverns (D:13)
  5 wraiths
  A shadow (D:8)
  10 water elementals
  A fire elemental (Elf:1)
  A hog (D:7)
  A human (D:7)
  2 steam dragons
  A vampire mosquito (D:14)
  4 hungry ghosts
  4 basilisks
  A chaos spawn (Depths:4)
  2 wargs
  21 nagas
  12 porcupines
  A floating eye (Depths:4)
  A hell hound (Depths:5)
  7 water moccasins
  An eye of draining (D:9)
  4 ice beasts
  21 orc warriors
  2 ettin simulacra (Depths:5)
  5 black bears
  A necrophage (D:9)
  32 wolves
  19 ogres
  A boggart (D:15)
  12 crocodiles
  A centaur (Lair:3)
  3 big kobolds
  9 bullfrogs
  A water moccasin zombie (D:7)
  2 earth elementals
  A scorpion (D:10)
  33 killer bees
  8 wights
  6 howler monkeys
  3 centaur zombies
  2 crimson imps
  2 quasits
  An iron imp (Depths:4)
  4 hounds
  2 jellies
  A gnoll shaman (D:8)
  10 orc priests
  2 bullfrog skeletons
  4 orc wizards
  2 iguanas (D:13)
  5 worker ants
  A howler monkey zombie (D:9)
  A worker ant zombie (D:11)
  A howler monkey skeleton (D:8)
  5 adders
  6 gnolls
  A river rat (Lair:3)
  3 shadow imps
  4 oozes (Lair:4)
  A leopard gecko (D:9)
  27 orcs
  A giant cockroach (D:7)
  4 jackals (D:8)
  5 kobolds (D:10)
  A quokka skeleton (D:7)
  3 bushes
  3 crawling corpses (Depths:5)
  12 fungi
  48 plants
1194 creatures vanquished.

Vanquished Creatures (others)
  Asterion (Lair:4)
  10 orc warlords
  A fire giant (Depths:2)
  A spriggan defender (Depths:4)
  3 orc high priests
  3 stone giants
  A yaktaur captain (Depths:3)
  A spriggan air mage (Depths:1)
  A centaur warrior (Vaults:3)
  A thrashing horror (Abyss:3)
  A deep troll shaman (Depths:5)
  An orc sorcerer (Depths:2)
  A quicksilver dragon simulacrum (Depths:5)
  3 deep elf archers
  14 orc knights
  2 deep elf magi
  33 orc warriors
  7 yaktaurs
  17 orc priests
  A hornet (Depths:5)
  A yak (Vaults:4)
  A spriggan (Depths:5)
  A floating eye (Depths:5)
  An ogre (Vaults:4)
  2 centaurs (Vaults:3)
  2 boggarts (Depths:1)
  15 orc wizards
  89 orcs
  45 bushes (D:15)
  9 fungi (Lair:6)
  28 plants
  3 starspawn tentacles (Abyss:3)
  11 toadstools (D:2)
311 creatures vanquished.

Grand Total: 2241 creatures vanquished

Notes
Turn   | Place    | Note
-------+----------+-------------------------------------------
     0 | D:1      | quantumfuzzball the Hill Orc Monk began the quest for the Orb.
     0 | D:1      | Reached XP level 1. HP: 19/19 MP: 1/1
   284 | D:1      | Reached XP level 2. HP: 23/27 MP: 2/2
   813 | D:1      | Reached XP level 3. HP: 33/33 MP: 3/3
  1576 | D:2      | Gained mutation: You are partially covered in thin metallic scales. (AC +2) [potion of mutation]
  1576 | D:2      | Gained mutation: You are agile. (Dex +2) [potion of mutation]
  1576 | D:2      | Gained mutation: You are resistant to hostile enchantments. (MR+) [potion of mutation]
  1576 | D:2      | Gained mutation: You have supernaturally acute eyesight. (SInv) [potion of mutation]
  1593 | D:2      | Found a stormy altar of Qazlal.
  1780 | D:2      | Reached XP level 4. HP: 37/40 MP: 4/4
  1865 | D:2      | Found an iron altar of Okawaru.
  2208 | D:2      | Found a blossoming altar of Fedhas.
  2229 | D:2      | Noticed an oklob plant
  2629 | D:4      | Found a staircase to the Ecumenical Temple.
  2757 | D:3      | Reached skill level 5 in Axes
  2822 | D:3      | Found a basalt altar of Yredelemnul.
  2931 | D:3      | Reached XP level 5. HP: 47/47 MP: 5/5
  3034 | D:3      | Found a shattered altar of Ashenzari.
  3784 | D:5      | Entered Level 5 of the Dungeon
  3908 | D:4      | Found a bloodstained altar of Trog.
  3974 | D:4      | Became a worshipper of Beogh the Brigand
  3974 | D:4      | Reached * piety under Beogh
  3974 | D:4      | Reached ** piety under Beogh
  4354 | D:4      | Noticed an orc warrior
  4884 | D:4      | Killed an orc warrior
  4884 | D:4      | Reached skill level 5 in Fighting
  4884 | D:4      | Reached skill level 1 in Armour
  4884 | D:4      | Reached skill level 1 in Invocations
  4884 | D:4      | Reached XP level 6. HP: 56/56 MP: 5/7
  4938 | D:4      | Reached skill level 2 in Armour
  5075 | D:5      | Reached XP level 7. HP: 59/61 MP: 8/8
  5170 | D:6      | Reached skill level 3 in Armour
  5431 | D:5      | Found a burning altar of Makhleb.
  5979 | D:5      | Reached skill level 4 in Armour
  6117 | D:5      | Found Ceedopsu's Magic Scroll Boutique.
  6125 | D:5      | Bought a scroll of identify for 20 gold pieces
  6125 | D:5      | Bought a scroll of identify for 20 gold pieces
  6125 | D:5      | Bought a scroll of teleportation for 30 gold pieces
  6125 | D:5      | Bought 2 scrolls of identify for 40 gold pieces
  6125 | D:5      | Bought a scroll of vulnerability for 75 gold pieces
  6422 | D:5      | Found a runed door.
  6426 | D:5      | Noticed Crazy Yiuf
  6429 | D:5      | Killed Crazy Yiuf
  6429 | D:5      | Reached XP level 8. HP: 70/70 MP: 10/10
  7442 | D:6      | Reached *** piety under Beogh
  7483 | D:6      | Reached skill level 5 in Armour
  7684 | D:6      | Noticed Eustachio
  7720 | D:6      | Killed Eustachio
  7778 | D:6      | Found an ancient bone altar of Kikubaaqudgha.
  7783 | D:6      | Reached skill level 1 in Evocations
  8216 | D:6      | Found a hazy altar of Hepliaklqana.
  8832 | D:7      | Found a shimmering altar of Xom.
  8832 | D:7      | Found a shimmering altar of Xom.
  9025 | D:7      | Reached XP level 9. HP: 78/78 MP: 12/12
  9161 | D:7      | Reached skill level 6 in Armour
  9161 | D:7      | Reached skill level 1 in Shields
  9161 | D:7      | Reached skill level 5 in Invocations
  9358 | D:7      | Found an ancient bone altar of Kikubaaqudgha.
 10022 | D:7      | Reached skill level 10 in Axes
 10022 | D:7      | Reached skill level 7 in Armour
 10358 | D:7      | Found a shimmering altar of Xom.
 10359 | D:7      | Found a shimmering altar of Xom.
 10360 | D:7      | Found a shimmering altar of Xom.
 10374 | D:7      | Found a shimmering altar of Xom.
 11031 | D:8      | Noticed a centaur warrior
 11042 | D:8      | Killed a centaur warrior
 11042 | D:8      | Reached XP level 10. HP: 47/86 MP: 14/14
 11229 | D:8      | Reached **** piety under Beogh
 11338 | D:8      | Noticed a gargoyle
 11349 | D:8      | Killed a gargoyle
 11554 | D:8      | Reached skill level 8 in Armour
 11626 | D:8      | Found an opulent altar of Gozag.
 11626 | D:8      | Found a shimmering altar of Xom.
 11628 | D:8      | Found a glowing golden altar of the Shining One.
 11628 | D:8      | Found a sacrificial altar of Ru.
 11727 | D:8      | Identified a scroll of acquirement
 12320 | D:8      | Found an ornate altar of the Wu Jian Council.
 14212 | D:9      | Found a deep blue altar of Sif Muna.
 14375 | D:10     | Entered Level 10 of the Dungeon
 14407 | D:10     | Noticed a two-headed ogre
 14430 | D:9      | Killed a two-headed ogre
 14687 | D:10     | Found a staircase to the Orcish Mines.
 16066 | D:10     | Found a blossoming altar of Fedhas.
 16660 | D:9      | Found a staircase to the Lair.
 16996 | D:9      | Reached skill level 9 in Armour
 17748 | D:10     | Reached XP level 11. HP: 95/95 MP: 16/16
 17979 | D:10     | Noticed a two-headed ogre
 17987 | D:10     | Killed a two-headed ogre
 18060 | D:10     | Noticed an ogre mage
 18061 | D:10     | Found a bloodstained altar of Trog.
 18075 | D:10     | Killed an ogre mage
 18078 | D:10     | Gained Geork as an ally
 18563 | D:10     | Reached ***** piety under Beogh
 18742 | D:10     | Reached skill level 5 in Shields
 19435 | D:11     | Noticed a manticore
 19443 | D:11     | Killed a manticore
 19572 | D:11     | Noticed a manticore
 19586 | D:11     | Killed a manticore
 19586 | D:11     | Gained Gorm as an ally
 21306 | D:12     | Noticed an eight-headed hydra
 21310 | D:11     | Killed a nine-headed hydra
 21310 | D:11     | Reached skill level 5 in Evocations
 21524 | D:12     | Reached skill level 10 in Armour
 21531 | D:12     | Gained Alork as an ally
 21700 | D:12     | Your ally Alork died
 22115 | D:12     | Noticed a two-headed ogre
 22128 | D:12     | Killed a two-headed ogre
 23232 | D:12     | Noticed a red ugly thing
 23243 | D:12     | Killed a red ugly thing
 23647 | D:13     | Noticed a sun demon
 23754 | D:9      | Got a brightly glowing whip
 24043 | Lair:1   | Entered Level 1 of the Lair of Beasts
 24371 | Lair:1   | Reached XP level 12. HP: 90/104 MP: 18/18
 25822 | Lair:2   | Noticed Fannar
 25831 | Lair:2   | Killed Fannar
 26243 | Lair:2   | Reached skill level 11 in Armour
 26799 | Lair:3   | Gained Wargath as an ally
 27057 | Lair:3   | Identified the +11 whip "Cial Jiu" {flame, rN+} (You found it on level 9 of the Dungeon)
 27197 | Lair:3   | Reached skill level 10 in Fighting
 27459 | Lair:4   | Found a staircase to the Snake Pit.
 27464 | Lair:4   | Reached skill level 1 in Maces & Flails
 27867 | Lair:5   | Found a staircase to the Slime Pits.
 28501 | Lair:5   | Reached ****** piety under Beogh
 28741 | Lair:5   | Reached skill level 10 in Invocations
 28743 | Lair:5   | Noticed a five-headed hydra
 28746 | Lair:5   | Killed a five-headed hydra
 28746 | Lair:5   | Reached XP level 13. HP: 90/113 MP: 20/20
 29107 | Lair:5   | Reached skill level 12 in Armour
 29425 | Lair:6   | Entered Level 6 of the Lair of Beasts
 29634 | Lair:6   | Found a dark tunnel.
 29653 | Volcano  | Entered a volcano
 30013 | Volcano  | Found a radiant altar of Vehumet.
 30175 | Volcano  | Noticed a red draconian
 30196 | Volcano  | Killed a red draconian
 30196 | Volcano  | Reached skill level 5 in Maces & Flails
 30826 | Lair:6   | Gained Bogdar as an ally
 32359 | Lair:6   | Reached skill level 13 in Armour
 33005 | Lair:3   | Found a staircase to the Shoals.
 33496 | D:13     | Noticed Marsh's ghost (journeyman TrBe)
 33504 | D:13     | Killed Marsh's ghost
 33504 | D:13     | Reached XP level 14. HP: 124/124 MP: 22/22
 34273 | D:13     | Gained Bolgrim as an ally
 34887 | D:13     | Found a gate to the Vaults.
 34918 | D:13     | Reached skill level 15 in Axes
 35296 | D:14     | Noticed Snorg
 35311 | D:13     | Killed Snorg
 35753 | D:14     | Noticed Agnes
 35761 | D:14     | Killed Agnes
 36861 | Orc:1    | Entered Level 1 of the Orcish Mines
 37173 | Orc:2    | Entered Level 2 of the Orcish Mines
 37279 | Orc:2    | Found a staircase to the Elven Halls.
 37397 | Orc:2    | Noticed an orc warlord
 37409 | Orc:2    | Gained Wargrak as an ally
 37418 | Orc:2    | Your ally Wargrak died
 37420 | Orc:2    | Killed an orc warlord
 37449 | Orc:2    | Found Vepouw's Antique Weapon Shop.
 37450 | Orc:2    | Found a roughly hewn altar of Beogh.
 37453 | Orc:2    | Found Dajie's Antique Armour Boutique.
 37471 | Orc:2    | Bought a shiny shield for 165 gold pieces
 37579 | Orc:2    | Found a roughly hewn altar of Beogh.
 37590 | Orc:2    | Found Nycvej's General Store.
 37683 | Orc:2    | Reached skill level 14 in Armour
 37684 | Orc:2    | Found a roughly hewn altar of Beogh.
 37717 | Orc:2    | Found a roughly hewn altar of Beogh.
 37777 | Orc:2    | Found a roughly hewn altar of Beogh.
 37819 | Orc:2    | Found a roughly hewn altar of Beogh.
 38037 | Orc:2    | Found a roughly hewn altar of Beogh.
 38044 | Orc:2    | Found Xuidd's Armour Boutique.
 38095 | Orc:1    | Found Mynkahu's General Store.
 38124 | Orc:1    | Found Luguowuu's Antique Armour Shop.
 39993 | Orc:1    | Bought a pair of gloves for 85 gold pieces
 40058 | Orc:2    | Bought a jewelled war axe for 212 gold pieces
 40058 | Orc:2    | Identified the +5 war axe of Foolhardiness {drain, rElec Stlth+} (You bought it in a shop on level 2 of the Orcish Mines)
 40289 | Orc:2    | Bought a +1 plate armour of poison resistance for 576 gold pieces
 40503 | Orc:2    | Bought a glowing broad axe for 175 gold pieces
 40909 | Orc:1    | Identified a +2 pair of boots of running (You acquired it on level 1 of the Orcish Mines)
 41909 | D:15     | Entered Level 15 of the Dungeon
 41909 | D:15     | Found a staircase to the Depths.
 41909 | D:15     | Noticed a fire giant
 41911 | D:15     | Noticed Rupert
 41984 | D:14     | Killed Rupert
 42309 | D:14     | Killed a fire giant
 42370 | D:15     | Found a frozen archway.
 42443 | D:15     | Gained Warbeogh as an ally
 42541 | IceCv    | Entered an ice cave
 43144 | IceCv    | Noticed a frost giant
 43163 | IceCv    | Killed a frost giant
 43553 | D:15     | Reached XP level 15. HP: 131/133 MP: 24/24
 45975 | Shoals:1 | Entered Level 1 of the Shoals
 48052 | Shoals:2 | Reached skill level 15 in Armour
 52747 | Shoals:3 | Found a hide-covered altar of Uskayaw.
 52985 | Shoals:4 | Entered Level 4 of the Shoals
 53820 | Shoals:4 | Reached XP level 16. HP: 94/143 MP: 25/25
 54582 | Shoals:3 | Reached skill level 10 in Shields
 55212 | Shoals:4 | Found Biusuhy's Bounteous Boutique.
 55296 | Shoals:4 | Got a barnacled rune of Zot
 55865 | Shoals:4 | Reached skill level 16 in Armour
 56590 | Shoals:4 | Noticed Ilsuiw
 56657 | Shoals:4 | Killed Ilsuiw
 57497 | Snake:1  | Entered Level 1 of the Snake Pit
 57497 | Snake:1  | Noticed Asterion
 57506 | Lair:4   | Killed Asterion
 57858 | Snake:1  | Noticed Aizul
 57878 | Lair:4   | Killed Aizul
 58078 | Snake:1  | Got a heavily runed ivory ring
 58942 | Snake:2  | Noticed Donald
 59106 | Snake:1  | Killed Donald
 59586 | Snake:2  | Gained Brandogh as an ally
 59620 | Snake:2  | Your ally Brandogh died
 59869 | Snake:2  | Reached XP level 17. HP: 130/151 MP: 21/27
 59884 | Snake:2  | Noticed Saint Roka
 59904 | Snake:2  | Killed Saint Roka
 60212 | Snake:2  | Found a bloodstained altar of Trog.
 61043 | Snake:3  | Gained Gorm as an ally
 61246 | Snake:3  | Noticed Roxanne
 61551 | Snake:3  | Noticed Bai Suzhen
 61561 | Snake:3  | Killed Bai Suzhen
 61782 | Snake:3  | Reached skill level 17 in Armour
 63476 | Snake:4  | Entered Level 4 of the Snake Pit
 63693 | Snake:4  | Found Maicaogu's Jewellery Shoppe.
 63871 | Snake:4  | Bought a +3 amulet of reflection for 251 gold pieces
 64495 | Snake:4  | Gained Borgk as an ally
 64507 | Snake:4  | Your ally Gorm died
 64514 | Snake:4  | Your ally Warbeogh died
 64514 | Snake:4  | Your ally Borgk died
 64536 | Snake:4  | Reached skill level 15 in Invocations
 64584 | Snake:4  | Your ally Bogdar died
 66484 | Snake:4  | Identified the ring "Trusted Companion" {AC+3 Str+3} (You found it on level 1 of the Snake Pit)
 66753 | Snake:4  | Got a serpentine rune of Zot
 67375 | Vaults:1 | Entered Level 1 of the Vaults
 67624 | Vaults:1 | Reached XP level 18. HP: 135/161 MP: 25/29
 67951 | Vaults:1 | Found Guco's Gadget Shop.
 68902 | Vaults:1 | Found Toyrgh's General Store.
 68910 | Vaults:1 | Bought a scarf of cloud immunity for 119 gold pieces
 68910 | Vaults:1 | Bought a scroll of enchant weapon for 127 gold pieces
 68910 | Vaults:1 | Bought a scroll of enchant weapon for 127 gold pieces
 69969 | Vaults:1 | Reached skill level 18 in Armour
 70174 | Vaults:1 | Reached skill level 15 in Fighting
 70679 | Vaults:2 | Found Tytomy's Armour Boutique.
 71995 | Vaults:2 | Found a staircase to the Crypt.
 71995 | Vaults:2 | Found a basalt altar of Yredelemnul.
 71995 | Vaults:2 | Found an ancient bone altar of Kikubaaqudgha.
 72142 | Vaults:2 | Gained Grimold as an ally
 73402 | Vaults:2 | Got a steaming great sword
 73408 | Vaults:2 | Identified the +3 great sword of Fear {distort, rN+ Str+4 Int+3 Dex+4} (You found it on level 2 of the Vaults)
 73409 | Vaults:2 | Cast into level 3 of the Abyss (a distortion unwield)
 73690 | Vaults:2 | Escaped the Abyss
 73765 | Vaults:2 | Gained Morguth as an ally
 74505 | Vaults:3 | Got a polished ring mail
 74516 | Vaults:3 | Identified the +0 ring mail of the Past {+Fly Stlth+} (You found it on level 3 of the Vaults)
 74934 | Vaults:3 | Reached XP level 19. HP: 156/167 MP: 30/30
 76661 | Vaults:4 | Found a magical portal.
 76699 | WizLab   | Entered Iskenderun's Mystic Tower
 76902 | Vaults:4 | Noticed a lich
 77059 | Vaults:4 | Noticed a lich
 77064 | Vaults:4 | Killed a lich
 77123 | Vaults:4 | Gained Dorog as an ally
 77625 | Vaults:4 | Noticed a tentacled monstrosity
 77632 | Vaults:4 | Killed a tentacled monstrosity
 77640 | Vaults:4 | Your ally Morguth died
 77641 | Vaults:4 | Reached skill level 15 in Shields
 77936 | Vaults:4 | Reached skill level 19 in Armour
 79268 | Elf:1    | Entered Level 1 of the Elven Halls
 79861 | Elf:1    | Noticed Frances
 79869 | Elf:1    | Killed Frances
 79905 | Elf:1    | Found a radiant altar of Vehumet.
 80572 | Elf:1    | Found a roughly hewn altar of Beogh.
 81339 | Elf:2    | Found Ifful's Assorted Antiques.
 83241 | Elf:2    | Found a runed gate.
 83241 | Elf:2    | Found a runed gate.
 83241 | Elf:2    | Found a runed gate.
 83589 | Elf:2    | Reached XP level 20. HP: 164/178 MP: 32/32
 84798 | Elf:3    | Entered Level 3 of the Elven Halls
 85087 | Elf:3    | Noticed Mara
 86099 | Elf:3    | Killed Mara
 86286 | Elf:3    | Reached skill level 20 in Armour
 86298 | Elf:3    | Noticed Nikola
 86318 | Elf:3    | Killed Nikola
 86342 | Elf:3    | Your ally Gorm died
 86363 | Elf:3    | Your ally Dorog died
 87335 | Depths:1 | Entered Level 1 of the Depths
 87978 | Depths:1 | Got a polished flail
 88663 | Depths:1 | Found a gateway to Hell.
 90059 | Depths:2 | Found the +9 heavy crossbow "Sniper" {velocity, Acc+∞ SInv}
 90386 | Depths:2 | Gained Orik as an ally
 90388 | Depths:2 | Reached XP level 21. HP: 167/188 MP: 33/33
 91989 | Depths:3 | Found a gateway to a ziggurat.
 92004 | Depths:3 | Reached skill level 21 in Armour
 92009 | Depths:3 | Gained Orkrul as an ally
 92464 | Depths:3 | Identified the +1 flail of Magnificence {crush, Dex+2} (You found it on level 1 of the Depths)
 92575 | Depths:2 | Gained Argrim as an ally
 94172 | Depths:2 | Gained Nordag as an ally
 94374 | Depths:3 | Found a one-way gate leading to the halls of Pandemonium.
 94658 | Depths:2 | Your ally Argrim died
 95166 | Depths:2 | Got a transparent hunting sling
 95168 | Depths:2 | Identified the +3 hunting sling of Qonugyati {freeze, Str+3} (You acquired it on level 2 of the Depths)
 95284 | Depths:3 | Got a warped plate armour
 95302 | Depths:3 | Identified the +10 plate armour of the Pure Suns {rF- Str+4} (You found it on level 3 of the Depths)
 95631 | Depths:3 | Noticed a golden dragon
 95644 | Depths:3 | Killed a golden dragon
 96045 | Depths:4 | Found a one-way gate to the infinite horrors of the Abyss.
 96726 | Depths:4 | Noticed a golden dragon
 96783 | Depths:3 | Killed a golden dragon
 96875 | Depths:4 | Noticed a golden dragon
 96889 | Depths:3 | Killed a golden dragon
 97579 | Depths:4 | Noticed a caustic shrike
 97588 | Depths:4 | Killed a caustic shrike
 98163 | Depths:4 | Reached XP level 22. HP: 132/199 MP: 35/35
 98476 | Depths:4 | Reached skill level 22 in Armour
 98476 | Depths:4 | Reached XP level 23. HP: 206/206 MP: 36/36
 98998 | Depths:4 | Found the +2 Maxwell's thermic engine {flame, freeze, rF- rC-}
 99250 | Depths:5 | Entered Level 5 of the Depths
 99978 | Depths:5 | Got a dazzling mace {crush}
100494 | Depths:5 | Noticed a caustic shrike
100495 | Depths:5 | Noticed a caustic shrike
100499 | Depths:5 | Noticed a caustic shrike
100500 | Depths:5 | Noticed a caustic shrike
100501 | Depths:5 | Killed a caustic shrike
100504 | Depths:5 | Killed a caustic shrike
100505 | Depths:5 | Killed a caustic shrike
100505 | Depths:5 | Your ally Brandogh died
100506 | Depths:5 | Killed a caustic shrike
100508 | Depths:5 | Your ally Bolgrim died
100533 | Depths:5 | Your ally Orkrul died
100564 | Depths:5 | Your ally Nordag died
100565 | Depths:5 | Your ally Orkrul died
100589 | Depths:5 | Your ally Orik died
100596 | Depths:5 | Noticed a golden dragon
100598 | Depths:5 | Your ally Grimold died
100599 | Depths:5 | Killed a golden dragon
100602 | Depths:5 | HP: 8/211 [efreet/bolt of fire (5)]
100602 | Depths:5 | HP: 2/211 [shadow dragon/bolt of negative energy (6)]
100605 | Depths:5 | Killed from afar by an efreet

Skill      XL: |  1  2  3  4  5  6  7  8  9 10 11 12 13 14 15 16 17 18 19 20 21 22 |
---------------+-------------------------------------------------------------------+-----
Stealth        | 2 |  2.8
Fighting       | 4 5 6 7 8 9 10 11 12 13 14 15 16 17 18 | 18.7
Dodging        | 3 |  3.2
Axes           | 5 6 7 9 10 11 13 14 16 17 18 19 20 21 | 21.9
Armour         | 1 2 4 5 7 9 10 11 13 14 15 16 17 18 19 20 21 22 | 22.3
Invocations    | 1 2 3 4 6 7 8 10 11 12 13 14 15 16 17 18 19 | 19.6
Evocations     | 1 3 4 5 6 |  6.5
Shields        | 3 4 5 6 8 9 11 13 14 15 | 15.4
Maces & Flails | 3 6 |  6.4

Action                   |  1- 3 |  4- 6 |  7- 9 | 10-12 | 13-15 | 16-18 | 19-21 | 22-24 || total
-------------------------+-------+-------+-------+-------+-------+-------+-------+-------++-------
Melee: Hand axe          |   136 |   175 |       |       |       |       |       |       ||   311
       War axe           |       |    42 |   447 |   209 |   443 |  1135 |  1049 |    97 ||  3422
       Flail             |       |       |       |    81 |       |       |       |       ||    81
       Whip              |       |       |       |    18 |   405 |       |       |       ||   423
Invok: Convert to Beogh  |       |     1 |       |       |       |       |       |       ||     1
       Recall Orcish Fol |       |       |       |     5 |    20 |    33 |    17 |     2 ||    77
       Give Item to Name |       |       |       |     2 |     4 |     3 |     2 |       ||    11
       Smiting           |       |       |       |     2 |       |    22 |     5 |    18 ||    47
       Stop Recall       |       |       |       |     1 |    18 |    25 |    11 |     1 ||    56
       Resurrection      |       |       |       |       |     1 |     1 |       |     1 ||     3
Evoke: Wand              |       |       |     1 |     1 |       |     2 |       |       ||     4
  Use: Scroll            |     4 |     9 |     5 |    13 |    10 |     2 |    17 |     3 ||    63
       Potion            |     2 |     2 |     4 |     2 |     6 |     2 |       |     6 ||    24
 Stab: Sleeping          |     1 |       |       |       |       |     1 |       |       ||     2
       Confused          |       |       |     3 |       |       |       |       |       ||     3
       Invisible         |       |       |       |     2 |       |       |       |       ||     2
       Distracted        |       |       |       |     4 |     5 |    18 |    12 |       ||    39
  Eat: Chunk             |     3 |     8 |     9 |    31 |    36 |    17 |    43 |     6 ||   153
       Ration            |       |     1 |     4 |     9 |    14 |    13 |     7 |     1 ||    49
Armor: Robe              |    14 |       |       |       |       |       |       |       ||    14
       Ring mail         |    22 |       |       |       |       |       |       |       ||    22
       Chain mail        |    30 |   124 |   262 |       |       |       |       |       ||   416
       Plate armour      |       |       |    58 |   535 |   675 |   521 |   582 |       ||  2371
       Skin              |       |       |       |       |       |    14 |       |       ||    14
       Gold dragon scale |       |       |       |       |       |       |    72 |   161 ||   233
Dodge: Dodged            |   108 |    90 |   192 |   244 |   304 |   252 |   329 |    34 ||  1553
Block: Buckler           |       |       |    18 |   204 |    62 |       |       |       ||   284
       Shield            |       |       |       |       |   490 |   848 |  1120 |   186 ||  2644
       Reflection        |       |       |       |       |       |    64 |   120 |    15 ||   199
